AoeStats
← tony le gros rou

Oasis

508891498Analyzed
4v4 RM · 6d ago on Sep 24, 2026· 15m 6s· 8 players
Game mode
Random Map
Map size
Large (8 player)
Population
200
Speed
Normal
Resources
Standard
Victory
Conquest
Starting age
Dark Age
Ending age
Imperial Age
RankedLock teamsTeams togetherTeam positionsShared explorationLock speedFull tech treeHidden civsTurbo modeCheats
Victory
Defeat
🇫🇷 Britons · France
1676
+9
🇩🇪 Saracens · Germany
1539
+15
🇺🇾 Saxons · Uruguay
1536
+15
🇫🇷 Magyars · France
1525
+15
🇹🇼 Danes · Taiwan
1583
-16
🇨🇴 Mongols · Colombia
1530
-14
🇨🇴 Persians · Colombia
1511
-13
🇹🇼 Varangians · Taiwan
1437
-11
tony le gros rou
5:53 Loom
8:46 Feudal Age
ccereal
6:51 Loom
9:01 Feudal Age
9:42 Double-Bit Axe
14:24 Fletching
Ficki-T-E
10:02 Feudal Age
10:51 Double-Bit Axe
11:05 Horse Collar
13:14 Bloodlines
FMG | Sawasha Takohida
6:37 Loom
9:02 Feudal Age
8:58 Loom
10:55 Double-Bit Axe
11:53 Fletching
大漁哥哥
9:00 Loom
10:45 Feudal Age
_xFantaSx_
6:36 Loom
9:21 Feudal Age
11:52 Double-Bit Axe
騷護士
5:14 Loom
9:42 Feudal Age
16:04 Castle Age
14:36 Double-Bit Axe
MZTK I Kazoo
3:15 Loom
9:22 Feudal Age
11:25 Double-Bit Axe
13:11 Scale Barding Armor
14:48 Forging
Connection lost

Rejoining the realm…

Still unreachable

The connection could not be restored.

Session expired

The server has moved on; the page needs a fresh start.